 Dungeon Crawl Stone Soup version 0.21.1-1-g345015fe64 (webtiles) character file.

63 Peloso the Covered (level 3, -6/33 HPs)
             Began as a Minotaur Fighter on July 15, 2018.
             Mangled by an iguana (8 damage)
             ... on level 3 of the Dungeon.
             The game lasted 00:01:47 (1663 turns).

Peloso the Covered (Minotaur Fighter)               Turns: 1663, Time: 00:01:47

Health: -6/33      AC:  7    Str: 20    XL:     3   Next: 89%
Magic:  2/2        EV:  7    Int:  5    God:
Gold:   76         SH:  9    Dex: 10    Spells: 2/2 levels left

rFire    . . .     SeeInvis .   a - +0 long sword
rCold    . . .     Gourm    .   c - +0 shield
rNeg     . . .     Faith    .   b - +0 scale mail
rPois    .         Spirit   .   (helmet restricted)
rElec    .         Reflect  .   (no cloak)
rCorr    .         Harm     .   (no gloves)
MR       .....                  (no boots)
Stlth    ..........             (no amulet)
HPRegen  0.11/turn              (no ring)
MPRegen  0.08/turn              (no ring)

@: no status effects
A: retaliatory headbutt, horns 2
a: no special abilities


You were on level 3 of the Dungeon.
You were hungry.

You visited 1 branch of the dungeon, and saw 4 of its levels.

You collected 76 gold pieces.

Inventory:

Hand Weapons
 a - a +0 long sword (weapon)
Armour
 b - a +0 scale mail (worn)
 c - a +0 shield (worn)
Scrolls
 h - a scroll of blinking {unknown}
 i - a scroll of amnesia {unknown}
 l - a scroll of magic mapping {unknown}
 m - a scroll of enchant armour {unknown}
 n - a scroll of remove curse {unknown}
 o - a scroll of fog {unknown}
Potions
 d - a potion of might
 e - 3 potions of degeneration {unknown}
 g - a potion of heal wounds {unknown}
 j - a potion of flight {unknown}
 k - 2 potions of lignification {unknown}
Comestibles
 f - 2 rations


   Skills:
 + Level 4.0 Fighting
 + Level 2.9 Long Blades
 + Level 4.9 Armour
 + Level 0.2 Dodging
 + Level 0.1 Stealth
 + Level 4.0 Shields


You had 2 spell levels left.
You didn't know any spells.

Dungeon Overview and Level Annotations

Branches:
Dungeon (4/15)
 Temple: D:4-7

Altars:
Ashenzari
Nemelex Xobeh


Innate Abilities, Weirdness & Mutations

You reflexively headbutt those who attack you in melee.
You have a pair of horns on your head.


Message History

You block the hound's attack. You block the jackal's attack.
The hound bites you but does no damage. The jackal barely misses you.
You furiously retaliate!
You headbutt the jackal!
You kill the jackal!
A jackal comes into view.
You miss the hound.
The hound is severely wounded.
You block the hound's attack. The hound bites you but does no damage.
The iguana bites you but does no damage.
Unknown command.
You barely miss the hound. Your headbutt misses the hound.
The hound is severely wounded.
You block the hound's attack. The iguana bites you!
* * * LOW HITPOINT WARNING * * *
The hound closely misses you.
Unknown command.
You hit the hound.
The hound is almost dead.
The hound bites you but does no damage. The iguana bites you!
You die...

.. #.
#.## #..#
#..# #.h#
..####hl#
.......@#
#.#######


You could see an iguana, a hound and a jackal.

Vanquished Creatures
  Robin (D:2)
  2 adders (D:2)
  An ooze (D:1)
  A leopard gecko (D:2)
  2 giant cockroaches (D:2)
  12 goblins (D:2)
  2 hobgoblins (D:2)
  A jackal (D:3)
  A quokka (D:4)
  3 bats
  2 frilled lizards (D:1)
  2 kobolds
30 creatures vanquished.

Notes
Turn   | Place    | Note
-------+----------+-------------------------------------------
     0 | D:1      | Peloso the Minotaur Fighter began the quest for the Orb.
     0 | D:1      | Reached XP level 1. HP: 19/19 MP: 0/0
   663 | D:2      | Found a faded altar of an unknown god.
   666 | D:2      | Reached XP level 2. HP: 26/26 MP: 1/1
   713 | D:2      | Found a shattered altar of Ashenzari.
   726 | D:2      | Found a sparkling altar of Nemelex Xobeh.
   864 | D:2      | Reached XP level 3. HP: 11/33 MP: 2/2
  1335 | D:2      | Noticed Robin
  1360 | D:2      | Killed Robin
  1639 | D:2      | You fall through a shaft for 2 floors!
  1663 | D:3      | Mangled by an iguana

Skill      XL: |  1  2  3 |
---------------+----------+-----
Armour         | 4 |  4.9
Fighting       | 4 |  4.0
Shields        | 4 |  4.0
Long Blades    | |  2.9
Dodging        | |  0.2
Stealth        | |  0.1

Action                   || total
-------------------------++-------
Melee: Long sword        ||   100
       Headbutt          ||    13
  Eat: Chunk             ||     2
Armor: Scale mail        ||    48
Dodge: Dodged            ||    37
Block: Shield            ||    62
       Rpst.: Long sword ||     7
